[ AOE2 MATCH · #472048241 ]
UnrankedJapanese vs Huns
Player's team · WIN
[ REPLAY ANALYSIS · EXTRACTED FROM THE RECORDED GAME ]
Feudal
9:26
Castle
—
Imperial
—
| APM avg | 48.3 |
| APM peak | 92 |
| eAPM avg | 13.8 |
| Villagers / military | 26 / 7 |
Focus
⚔️ 17.4% · 🌾 82.6%
Militia ×7
Feudal
9:44
Castle
—
Imperial
—
| APM avg | 42.0 |
| APM peak | 71 |
| eAPM avg | 15.3 |
| Villagers / military | 25 / 4 |
Focus
⚔️ 35.4% · 🌾 64.6%
Scout Cavalry ×4
Match map
Initial resources + every placement click. Lines = walls · curves = elevation contours. ◆ gold · ⬟ stone · ● berries · ✦ relic · ◌ wall gap
Your base· Open — unwalled flank
Jaco's base· Open — unwalled flank
Smoothed initial terrain · ◌ = detected wall gap · hover for details
Inputs per minute
— Robin5hood - - Jaco
Build order — Robin5hood
49 actions detected in the replay
| 0:00 | Create | Villager (Male) |
| 0:02 | Build | House |
| 0:03 | Build | House |
| 0:12 | Create | Villager (Male) ×3 |
| 1:36 | Create | Villager (Male) |
| 2:00 | Create | Villager (Male) |
| 2:38 | Create | Villager (Male) |
| 2:38 | Create | Villager (Male) |
| 2:40 | Build | Lumber Camp |
| 2:42 | Build | House |
| 2:47 | Create | Villager (Male) |
| 3:19 | Create | Villager (Male) ×2 |
| 3:19 | Create | Villager (Male) ×2 |
| 3:39 | Build | Mill |
| 4:15 | Create | Villager (Male) ×4 |
| 4:42 | Build | Mill |
| 4:44 | Create | Villager (Male) |
| 5:33 | Create | Villager (Male) |
| 5:34 | Research | Loom |
| 5:41 | Build | Mining Camp |
| 5:45 | Build | House |
| 7:16 | Research | Feudal Age |
| 7:44 | Build | Barracks |
| 7:53 | Build | Palisade Wall |
| 8:11 | Create | Villager (Male) |
| 8:12 | Create | Villager (Male) |
| 8:18 | Build | House |
| 8:19 | Build | House |
| 8:30 | Create | Militia |
| 8:30 | Create | Militia |
| 8:30 | Create | Militia |
| 8:55 | Create | Militia |
| 8:55 | Create | Militia |
| 9:26 | Age | Feudal Age |
| 9:34 | Research | Man-at-Arms (upgrade) |
| 9:59 | Create | Villager (Male) |
| 10:48 | Build | Watch Tower |
| 11:39 | Create | Villager (Male) |
| 11:40 | Create | Villager (Male) |
| 11:50 | Create | Militia |
| 11:51 | Create | Militia |
| 11:57 | Build | Barracks |
| 12:06 | Research | Double-Bit Axe |
| 12:29 | Research | Arson |
| 12:41 | Create | Villager (Male) |
| 12:47 | Build | Mill |
| 12:51 | Build | House |
| 12:52 | Build | House |
| 13:06 | Create | Villager (Male) |
Build order — Jaco
61 actions detected in the replay
| 0:01 | Create | Villager (Male) |
| 0:01 | Create | Villager (Male) |
| 0:02 | Create | Villager (Male) |
| 0:11 | Create | Villager (Male) |
| 1:20 | Create | Villager (Male) |
| 1:56 | Create | Villager (Male) |
| 2:00 | Build | Lumber Camp |
| 2:13 | Create | Villager (Male) |
| 2:43 | Create | Villager (Male) |
| 3:10 | Create | Villager (Male) |
| 3:44 | Create | Villager (Male) |
| 3:44 | Create | Villager (Male) |
| 4:25 | Create | Villager (Male) |
| 5:05 | Create | Villager (Male) |
| 5:05 | Create | Villager (Male) |
| 5:13 | Build | Mill |
| 5:44 | Build | Mill |
| 5:46 | Create | Villager (Male) |
| 5:46 | Create | Villager (Male) |
| 5:46 | Create | Villager (Male) |
| 6:16 | Research | Loom |
| 7:03 | Build | Lumber Camp |
| 7:34 | Research | Feudal Age |
| 8:09 | Build | Barracks |
| 8:30 | Build | Palisade Wall |
| 8:31 | Build | Palisade Wall |
| 9:18 | Create | Villager (Male) |
| 9:18 | Create | Villager (Male) |
| 9:44 | Age | Feudal Age |
| 9:56 | Build | Stable |
| 10:04 | Build | Mill |
| 10:11 | Research | Double-Bit Axe |
| 10:12 | Research | Horse Collar |
| 10:36 | Create | Scout Cavalry |
| 10:36 | Create | Scout Cavalry |
| 10:42 | Create | Villager (Male) |
| 10:43 | Create | Villager (Male) |
| 10:44 | Build | Farm |
| 10:47 | Build | Farm |
| 10:49 | Build | Farm |
| 10:51 | Build | Farm |
| 10:54 | Build | Farm |
| 10:59 | Build | Farm |
| 11:02 | Build | Farm |
| 11:34 | Create | Villager (Male) |
| 11:43 | Build | Farm |
| 11:44 | Build | Farm |
| 11:49 | Create | Scout Cavalry |
| 11:49 | Create | Villager (Male) |
| 12:09 | Build | Farm |
| 12:12 | Create | Villager (Male) |
| 12:19 | Build | Palisade Wall |
| 12:20 | Build | Palisade Wall |
| 12:21 | Build | Palisade Wall |
| 12:23 | Build | Palisade Wall |
| 12:24 | Build | Palisade Wall |
| 12:25 | Build | Palisade Wall |
| 12:36 | Build | Farm |
| 12:37 | Create | Scout Cavalry |
| 12:48 | Build | Farm |
| 12:49 | Create | Villager (Male) |
Match timeline
| 7:44 | Robin5hood · first_building Barracks |
| 7:53 | Robin5hood · wall_segment Palisade Wall x1 |
| 8:09 | Jaco · first_building Barracks |
| 8:30 | Jaco · wall_segment Palisade Wall x1 |
| 8:31 | Jaco · wall_segment Palisade Wall x1 |
| 9:26 | Robin5hood · age_up feudal |
| 9:44 | Jaco · age_up feudal |
| 9:56 | Jaco · first_building Stable |
| 12:19 | Jaco · wall_segment Palisade Wall x2 |
| 12:20 | Jaco · wall_segment Palisade Wall x1 |
| 12:21 | Jaco · wall_segment Palisade Wall x1 |
| 12:23 | Jaco · wall_segment Palisade Wall x1 |
| 12:24 | Jaco · wall_segment Palisade Wall x1 |
| 12:25 | Jaco · wall_segment Palisade Wall x1 |
| 13:08 | Jaco · resign |
[ AI ANALYSIS · 1 CREDIT ]
What really happened in this match?
Wolo.gg analyzes every decision: build order, eco, micro, common mistakes by bracket. Personalized analysis on WhatsApp or Discord in 30 seconds.
Civ guide
Japanese
Perfil
Jugador #369054